 Dungeon Crawl Stone Soup version 0.28.0 (webtiles) character file.

Game seed: 3873343117859338870

15682 zeram the Blocker (level 12, 0/145 HPs)
             Began as a Gnoll Fighter on Feb 5, 2022.
             Was an Initiate of Gozag.
             Slain by a yak (7 damage)
             ... on level 3 of the Lair of Beasts.
             The game lasted 00:26:39 (11655 turns).

zeram the Blocker (Gnoll Fighter)                  Turns: 11655, Time: 00:26:40

Health: 0/145      AC: 30    Str: 17    XL:     12   Next: 29%
Magic:  22/22      EV:  2    Int: 17    God:    Gozag
Gold:   1618       SH:  7    Dex: 12    Spells: 25/25 levels left

rFire   + . .      SeeInvis .   n - +5 trident
rCold   + . .      Faith    .   c - +1 buckler
rNeg    . . .      Spirit   .   (armour currently unavailable)
rPois   +          Reflect  .   (helmet currently unavailable)
rElec   +          Harm     .   (cloak currently unavailable)
rCorr   +          Rampage  .   (gloves currently unavailable)
Will    .....      NoTele   +   (boots currently unavailable)
Stlth   +++.......              s - amulet of regeneration
HPRegen 1.14/turn               l - +4 ring of protection
MPRegen 0.18/turn               p - +6 ring of intelligence

@: tree-form, resistant (expiring), gold aura
A: stationary, stasis, torment immunity, boosted hp, (fangs 1), strong nose,
distributed training
a: Renounce Religion, Potion Petition, Call Merchant, Bribe Branch


You were on level 3 of the Lair of Beasts.
You worshipped Gozag.
Gozag was most pleased with you.
You were a tree.
You visited 3 branches of the dungeon, and saw 13 of its levels.
You also visited: Ossuary.

You collected 1694 gold pieces.
You paid 76 gold pieces to Gozag.

Inventory:

Hand Weapons
 a - a +0 trident
 n - a +5 trident (weapon)
Missiles
 m - 17 poisoned darts (quivered)
 w - a throwing net
Armour
 b - a +0 scale mail
 c - a +1 buckler (worn)
 f - a +0 robe
 j - a +2 pair of gloves (melded)
 q - a +2 pair of gloves
 A - a +2 plate armour (melded)
Jewellery
 d - a ring of poison resistance
 k - a ring of poison resistance
 l - a +4 ring of protection (left branch)
 p - a +6 ring of intelligence (right branch)
 r - a ring of flight
 s - an amulet of regeneration (around neck)
Wands
 e - a wand of digging (4)
 x - a wand of flame (21)
Scrolls
 h - a scroll of magic mapping
 i - 7 scrolls of amnesia
 o - a scroll of identify
 y - a scroll of immolation
 E - a scroll of summoning {unknown}
Potions
 g - 5 potions of brilliance
 u - 2 potions of degeneration
 B - 2 potions of lignification
 F - a potion of flight {unknown}


   Skills:
 + Level 9.8 Fighting
 + Level 7.1 Short Blades
 + Level 7.1 Long Blades
 + Level 7.1 Axes
 + Level 7.1 Maces & Flails
 + Level 8.6 Polearms
 + Level 7.1 Staves
 + Level 7.1 Slings
 + Level 7.1 Bows
 + Level 7.1 Crossbows
 + Level 7.1 Throwing
 + Level 9.8 Armour
 + Level 7.1 Dodging
 + Level 7.1 Stealth
 + Level 9.8 Shields
 + Level 7.1 Unarmed Combat
 + Level 7.1 Spellcasting
 + Level 5.9 Conjurations
 + Level 5.9 Hexes
 + Level 5.9 Summonings
 + Level 5.9 Necromancy
 + Level 5.9 Translocations
 + Level 5.9 Transmutations
 + Level 5.9 Fire Magic
 + Level 5.9 Ice Magic
 + Level 5.9 Air Magic
 + Level 5.9 Earth Magic
 + Level 5.9 Poison Magic
 + Level 7.8 Invocations
 + Level 7.1 Evocations


You had 25 spell levels left.
You didn't know any spells.
Your spell library contained the following spells:

 Spells                   Type           Power      Damage    Failure   Level
 Freeze                   Ice            100%       1d11      1%          1
 Ensorcelled Hibernation  Hex/Ice        52%        N/A       1%          2
 Passwall                 Tmut/Erth      21%        N/A       1%          2
 Scorch                   Fire           52%        2d8       1%          2
 Conjure Flame            Conj/Fire      26%        6-21      3%          3
 Frozen Ramparts          Ice            52%        1d7       3%          3
 Gell's Gravitas          Tloc           26%        N/A       3%          3
 Ignite Poison            Fire/Tmut/Pois 26%        N/A       3%          3
 Swiftness                Air            26%        N/A       3%          3
 Teleport Other           Tloc           26%        N/A       3%          3
 Flame Wave               Conj/Fire      26%        2d7       12%         4
 Hailstorm                Conj/Ice       26%        3d7       12%         4
 Sticky Flame             Conj/Fire      26%        2d5       12%         4
 Dispersal                Tloc           13%        N/A       87%         6
 Summon Cactus Giant      Summ           13%        N/A       87%         6
 Dragon Form              Tmut           13%        N/A       100%        7
 Dragon's Call            Summ           13%        N/A       100%        9


Dungeon Overview and Level Annotations

Branches:
Dungeon (8/15)             Temple (1/1) D:6            Lair (4/6) D:8
Ossuary (visited)
  Swamp: Lair:2-4    Shoals: Lair:2-4     Snake: Lair:2-4    Spider: Lair:2-4

Altars:
Ashenzari
Cheibriados
Dithmenos
Fedhas
Gozag
Hepliaklqana
Makhleb
Nemelex Xobeh
Qazlal
Ru
Sif Muna
Uskayaw
Vehumet
Wu Jian
Yredelemnul
Zin
The Shining One

Shops:
D:5 *

Portals:
Abyss: D:8

Annotations:
D:3 2 transporters, ragingrage's ghost, amateur MiBe
D:8 2 transporters, Eryximachus's ghost, novice VSFi
Lair:2 Fannar
Lair:3 Rupert


Innate Abilities, Weirdness & Mutations

You are a tree.
Your roots penetrate the ground, keeping you stationary.
You cannot be teleported.
You are immune to unholy pain and torment.
Your maximum health is greatly increased.
Your equipment is partially melded.
((You have very sharp teeth.))
Your uncanny sense of smell can sniff out nearby items.
Your experience applies equally to all skills.


Message History

The yak is no longer distracted by gold.
You block the yak's attack. The yak gores you but does no damage.
You closely miss the yak.
The yak is almost dead.
You block the yak's attack. The yak gores you but does no damage.
You hit the yak.
You kill the yak!
You hit the yak.
The yak is lightly wounded.
Unknown command.
You barely miss the yak.
The yak is lightly wounded.
The yak gores you.
* * * LOW HITPOINT WARNING * * *
The yak gores you but does no damage.
Unknown command.
You hit the yak.
The yak is moderately wounded.
The yak gores you but does no damage. x2
You closely miss the yak.
The yak is moderately wounded.
You start to feel less resistant.
You block the yak's attack. The yak gores you but does no damage.
You hit the yak.
The yak is heavily wounded.
The yak gores you but does no damage. You block the yak's attack.
You hit the yak.
The yak is heavily wounded.
The yak gores you!
* * * LOW HITPOINT WARNING * * *
The yak gores you but does no damage.
You puncture the yak!
The yak is almost dead.
The yak gores you but does no damage. x2
You hit the yak.
The yak is almost dead.
The yak snorts and paws the ground.
The yak gores you but does no damage. The yak gores you!
You die...
Your body crumbles into a pile of gold.

## ...## .# ##... ##.##.
## #.... Y ..### # #....
Y. #.### ## . #.... ...
#..#. .# ..#....## ....
#.Y## ### .P......#
..... #Y##. ..###.
.......Y###Y..#...Y#Y##.
......
.......♣YYYY.......YY...
.#.###
##...#######.###.#Y.##.#
###.# ## ### ### ##


You could see 6 yaks.

Vanquished Creatures
  A hydra (Lair:3)
  A boulder beetle (Lair:3)
  3 death yaks (Lair:3)
  6 elephants (Lair:3)
  A black mamba (Lair:2)
  A cane toad (Lair:3)
  A rime drake (Lair:1)
  3 komodo dragons (Lair:3)
  A hornet (D:7)
  A polar bear (Lair:3)
  8 blink frogs
  4 dream sheep (Lair:1)
  A wraith (D:8)
  A wyvern (Lair:1)
  14 yaks
  2 swamp worms (Lair:3)
  4 water moccasins
  3 orc warriors
  A sky beast (D:6)
  A black bear (D:7)
  An ogre (D:7)
  A necrophage (D:8)
  A centaur (D:8)
  2 wolves (Lair:3)
  A phantom (D:6)
  6 bullfrogs
  3 elf zombies (Ossuary)
  A gnoll sergeant (D:7)
  A wyvern zombie (D:7)
  8 scorpions
  12 wights
  An electric eel (Lair:2)
  A howler monkey (D:8)
  2 centaur zombies (D:8)
  A hound (D:5)
  A bullfrog zombie (D:6)
  A human zombie (Ossuary)
  3 orc priests
  A centaur skeleton (D:4)
  3 bullfrog skeletons
  9 orc wizards
  3 killer bee zombies
  2 hound zombies (Ossuary)
  4 mummies (Ossuary)
  8 adders
  9 gnolls
  A white imp (D:6)
  An ufetubus (D:6)
  An adder zombie (Ossuary)
  2 adder skeletons (D:2)
  4 worms
  33 orcs
  6 bats
  6 endoplasms
  2 giant cockroaches
  2 gnoll zombies (Ossuary)
  4 goblins
  8 hobgoblins
  4 jackals (D:4)
  3 kobolds
  4 quokkas
  9 ball pythons
  6 frilled lizards
  A goblin zombie (Ossuary)
  A hobgoblin zombie (Ossuary)
  A quokka skeleton (D:2)
  7 rats
  A rat zombie (Ossuary)
251 creatures vanquished.

Vanquished Creatures (others)
  A bush (Lair:3)
  36 fungi
  48 plants
  A withered plant (D:8)
86 creatures vanquished.

Grand Total: 337 creatures vanquished

Notes
Turn   | Place    | Note
-------+----------+-------------------------------------------
     0 | D:1      | zeram the Gnoll Fighter began the quest for the Orb.
     0 | D:1      | Reached XP level 1. HP: 23/23 MP: 1/1
   312 | D:1      | Reached XP level 2. HP: 29/29 MP: 2/2
   796 | D:1      | You fall into a shaft and drop 1 floor!
   840 | D:2      | Reached XP level 3. HP: 35/35 MP: 3/3
  1057 | D:2      | Found a faded altar of an unknown god.
  1113 | D:2      | Reached skill level 1 in Invocations
  1145 | D:2      | Reached skill level 1 in Short Blades
  1145 | D:2      | Reached skill level 1 in Long Blades
  1145 | D:2      | Reached skill level 1 in Axes
  1145 | D:2      | Reached skill level 1 in Maces & Flails
  1145 | D:2      | Reached skill level 1 in Staves
  1145 | D:2      | Reached skill level 1 in Slings
  1145 | D:2      | Reached skill level 1 in Bows
  1145 | D:2      | Reached skill level 1 in Crossbows
  1145 | D:2      | Reached skill level 1 in Throwing
  1145 | D:2      | Reached skill level 1 in Dodging
  1145 | D:2      | Reached skill level 1 in Stealth
  1145 | D:2      | Reached skill level 1 in Unarmed Combat
  1145 | D:2      | Reached skill level 1 in Spellcasting
  1145 | D:2      | Reached skill level 1 in Evocations
  1342 | D:3      | Reached XP level 4. HP: 41/41 MP: 5/5
  1390 | D:3      | Reached skill level 1 in Conjurations
  1390 | D:3      | Reached skill level 1 in Hexes
  1390 | D:3      | Reached skill level 1 in Summonings
  1390 | D:3      | Reached skill level 1 in Necromancy
  1390 | D:3      | Reached skill level 1 in Translocations
  1390 | D:3      | Reached skill level 1 in Transmutations
  1390 | D:3      | Reached skill level 1 in Fire Magic
  1390 | D:3      | Reached skill level 1 in Ice Magic
  1390 | D:3      | Reached skill level 1 in Air Magic
  1390 | D:3      | Reached skill level 1 in Earth Magic
  1390 | D:3      | Reached skill level 1 in Poison Magic
  1538 | D:3      | Found a hide-covered altar of Uskayaw.
  1582 | D:3      | Reached XP level 5. HP: 29/47 MP: 6/6
  1764 | D:3      | Found a snail-covered altar of Cheibriados.
  1804 | D:3      | Found an ornate altar of the Wu Jian Council.
  2016 | D:3      | Reached XP level 6. HP: 53/53 MP: 8/8
  2216 | D:3      | Reached skill level 5 in Polearms
  2492 | D:3      | Noticed ragingrage's ghost (amateur MiBe)
  2498 | D:3      | Found a transporter.
  2795 | D:3      | Found a transporter.
  3161 | D:4      | Reached XP level 7. HP: 51/59 MP: 10/10
  3908 | D:5      | Entered Level 5 of the Dungeon
  4545 | D:5      | Reached XP level 8. HP: 62/67 MP: 12/12
  4851 | D:5      | Found Hasodghia's General Store.
  5775 | D:6      | HP: 3/67 [poisoned by a scorpion]
  5777 | D:6      | HP: 1/67 [poisoned by a scorpion]
  6231 | D:6      | Found a staircase to the Ecumenical Temple.
  6243 | Temple   | Entered the Ecumenical Temple
  6290 | Temple   | Became a worshipper of Gozag Ym Sagoz the Greedy
  6901 | D:6      | Reached XP level 9. HP: 62/72 MP: 14/14
  7010 | D:6      | Got the Guide on the Entourage and Shape Shifting
  7659 | D:7      | Reached skill level 5 in Invocations
  7716 | D:7      | Noticed a hornet
  7724 | D:7      | Killed a hornet
  7725 | D:7      | Reached XP level 10. HP: 80/80 MP: 17/17
  8074 | D:8      | Reached skill level 5 in Short Blades
  8074 | D:8      | Reached skill level 5 in Long Blades
  8074 | D:8      | Reached skill level 5 in Axes
  8074 | D:8      | Reached skill level 5 in Maces & Flails
  8074 | D:8      | Reached skill level 5 in Staves
  8074 | D:8      | Reached skill level 5 in Slings
  8074 | D:8      | Reached skill level 5 in Bows
  8074 | D:8      | Reached skill level 5 in Crossbows
  8074 | D:8      | Reached skill level 5 in Throwing
  8074 | D:8      | Reached skill level 5 in Dodging
  8074 | D:8      | Reached skill level 5 in Stealth
  8074 | D:8      | Reached skill level 5 in Unarmed Combat
  8074 | D:8      | Reached skill level 5 in Spellcasting
  8074 | D:8      | Reached skill level 5 in Evocations
  8142 | D:8      | Found a one-way gate to the infinite horrors of the Abyss.
  8142 | D:8      | Noticed Eryximachus's ghost (novice VSFi)
  8206 | D:8      | Found a stormy altar of Qazlal.
  8226 | D:8      | Found a staircase to the Lair.
  8282 | D:8      | Found a sand-covered staircase.
  8291 | Ossuary  | Entered an ossuary
  8650 | D:8      | Noticed a cyan ugly thing
  8673 | D:8      | Found a transporter.
  8674 | D:8      | Found a transporter.
  8674 | D:8      | Noticed a toenail golem
  9256 | Lair:1   | Entered Level 1 of the Lair of Beasts
  9407 | Lair:1   | You fall into a shaft and drop 1 floor!
  9452 | Lair:2   | Noticed Fannar
  9475 | Lair:3   | Noticed a cane toad
  9477 | Lair:3   | Noticed an elephant
  9521 | Lair:3   | Noticed an elephant
  9542 | Lair:3   | Noticed a boulder beetle
  9559 | Lair:3   | HP: 4/82 [komodo dragon (17)]
  9664 | Lair:3   | Killed a cane toad
  9665 | Lair:3   | Reached XP level 11. HP: 41/87 MP: 19/19
  9736 | Lair:3   | Killed a boulder beetle
  9737 | Lair:3   | Reached skill level 5 in Conjurations
  9737 | Lair:3   | Reached skill level 5 in Hexes
  9737 | Lair:3   | Reached skill level 5 in Summonings
  9737 | Lair:3   | Reached skill level 5 in Necromancy
  9737 | Lair:3   | Reached skill level 5 in Translocations
  9737 | Lair:3   | Reached skill level 5 in Transmutations
  9737 | Lair:3   | Reached skill level 5 in Fire Magic
  9737 | Lair:3   | Reached skill level 5 in Ice Magic
  9737 | Lair:3   | Reached skill level 5 in Air Magic
  9737 | Lair:3   | Reached skill level 5 in Earth Magic
  9737 | Lair:3   | Reached skill level 5 in Poison Magic
 10292 | Lair:3   | Noticed Rupert
 10499 | Lair:3   | Noticed a death yak
 10500 | Lair:3   | Noticed a death yak
 10524 | Lair:3   | Killed a death yak
 10554 | Lair:3   | Killed a death yak
 10650 | Lair:3   | Noticed a death yak
 10704 | Lair:3   | Killed a death yak
 11103 | Lair:3   | Reached XP level 12. HP: 79/96 MP: 22/22
 11182 | Lair:2   | Noticed a five-headed hydra
 11196 | Lair:3   | Killed a five-headed hydra
 11632 | Lair:3   | HP: 2/145 [swamp worm (14)]
 11653 | Lair:3   | HP: 5/145 [yak (9)]
 11655 | Lair:3   | Slain by a yak

Illustrated notes

Levels and vault maps discovered:
D:1:      lightli_molten_gateway, layout_loops_corners, minmay_distorted
D:2:      layout_rooms, shapermc_ecumenical_altar_mp_ritualfount
D:3:      minmay_thinvault, layout_loops_cross, lemuel_tele_altar,
          mainiacjoe_overflow_brackets, mainiacjoe_overflow_six_doors_small,
          gammafunk_ghost_smash, minmay_misc_feat_five
D:4:      layout_basic, nicolae_overflow_hidden_temple
D:5:      layout_loops_corners, serial_shops, nicolae_shop_crystal,
          minmay_misc_feat_columns
D:6:      layout_basic, minmay_temple_entry_statues_pillars, serial_glass,
          glass_columns_a, glass_columns_a
D:7:      layout_basic
D:8:      layout_basic, nicolae_qazlal_general_emergency, lair_entry_dummy,
          gammafunk_ghost_abyssal_escape, nicolae_ossuary_entry_monument,
          serial_undead, serial_undead_c, serial_undead_d, serial_undead_e,
          serial_undead_f
Temple:   cyrus_circular_temple
Lair:1:   layout_roguey, st_stairs_4, nicolae_quartered_pool_medium,
          lemuel_fruit_fields
Lair:2:   layout_regular_city, minmay_snake_entry_six_corridors, worms_lemuel,
          serial_bayou_shore_a, uniq_fannar, uniq_gastronok
Lair:3:   layout_long_grid, uniq_rupert
Lair:4:   layout_hall_layers, skrybe_swamp_entry_bodies, basic_altar,
          cheibrodos_lair_lostbears, infiniplex_staircase_pool_2

Skill      XL: |  1  2  3  4  5  6  7  8  9 10 11 12 |
---------------+-------------------------------------+-----
Invocations    | 1 2 3 4 5 6 7 |  7.8
Short Blades   | 1 2 3 4 5 6 7 |  7.1
Long Blades    | 1 2 3 4 5 6 7 |  7.1
Axes           | 1 2 3 4 5 6 7 |  7.1
Maces & Flails | 1 2 3 4 5 6 7 |  7.1
Staves         | 1 2 3 4 5 6 7 |  7.1
Slings         | 1 2 3 4 5 6 7 |  7.1
Bows           | 1 2 3 4 5 6 7 |  7.1
Crossbows      | 1 2 3 4 5 6 7 |  7.1
Throwing       | 1 2 3 4 5 6 7 |  7.1
Dodging        | 1 2 3 4 5 6 7 |  7.1
Stealth        | 1 2 3 4 5 6 7 |  7.1
Unarmed Combat | 1 2 3 4 5 6 7 |  7.1
Spellcasting   | 1 2 3 4 5 6 7 |  7.1
Evocations     | 1 2 3 4 5 6 7 |  7.1
Conjurations   | 1 2 3 4 5 |  5.9
Hexes          | 1 2 3 4 5 |  5.9
Summonings     | 1 2 3 4 5 |  5.9
Necromancy     | 1 2 3 4 5 |  5.9
Translocations | 1 2 3 4 5 |  5.9
Transmutations | 1 2 3 4 5 |  5.9
Fire Magic     | 1 2 3 4 5 |  5.9
Ice Magic      | 1 2 3 4 5 |  5.9
Air Magic      | 1 2 3 4 5 |  5.9
Earth Magic    | 1 2 3 4 5 |  5.9
Poison Magic   | 1 2 3 4 5 |  5.9
Polearms       | 5 6 7 8 |  8.6
Fighting       | 7 8 9 |  9.8
Armour         | 7 8 9 |  9.8
Shields        | 7 8 9 |  9.8

Action                   |  1- 3 |  4- 6 |  7- 9 | 10-12 || total
-------------------------+-------+-------+-------+-------++-------
Melee: Trident           |   116 |   217 |   438 |   788 ||  1559
       Bite              |     9 |    19 |    45 |   112 ||   185
Evoke: Wand              |       |       |       |     4 ||     4
  Use: Scroll            |     6 |     2 |     9 |    15 ||    32
       Potion            |       |       |     3 |    17 ||    20
 Stab: Invisible         |       |       |     1 |    13 ||    14
       Distracted        |       |       |     1 |     3 ||     4
Armor: Scale mail        |    35 |    87 |   208 |     6 ||   336
       Plate armour      |       |       |       |   525 ||   525
       Skin              |       |       |       |    28 ||    28
Dodge: Dodged            |    34 |    79 |   183 |   239 ||   535
Block: Buckler           |    19 |    57 |   105 |   253 ||   434
